 Dungeon Crawl Stone Soup version 0.31.0-32-g396128a36d (webtiles) character file.

Game seed: 365728213339244508

2258 hawla the Firebug (level 9, -5/52 HPs)
             Began as a Deep Elf Fire Elementalist on Apr 15, 2024.
             Slain by an orc warrior
             ... wielding a +0 dire flail
              (16 damage)
             ... on level 7 of the Dungeon.
             The game lasted 00:18:25 (6861 turns).

hawla the Firebug (Deep Elf Fire Elementalist)      Turns: 6861, Time: 00:18:26

Health: -5/52      AC:  6    Str:  7    XL:     9   Next: 15%
Magic:  0/17       EV: 17    Int: 23    God:
Gold:   252        SH:  0    Dex: 21    Spells: 9/16 levels left

rFire   . . .        k - +1 rapier (vamp)
rCold   . . .        (no shield)
rNeg    + . .        l - +2 robe {rN+}
rPois   .            o - +1 helmet
rElec   .            (no cloak)
rCorr   +            (no gloves)
SInv    .            (no boots)
Will    .....        p - amulet of regeneration
Stlth   +++          d - +6 ring of dexterity
HPRegen 1.08/turn    a - ring of resist corrosion
MPRegen 0.15/turn

%: no passive effects
@: no status effects
A: no striking features
a: no special abilities


You were on level 7 of the Dungeon.
You visited 1 branch of the dungeon, and saw 7 of its levels.

You collected 252 gold pieces.

Inventory:

Hand Weapons
 k - a +1 vampiric rapier (weapon)
Armour
 l - a +2 robe of positive energy (worn)
 o - a +1 helmet (worn)
Jewellery
 a - a ring of resist corrosion (right hand)
 b - a ring of protection from fire
 d - a +6 ring of dexterity (left hand)
 p - an amulet of regeneration (around neck)
 r - a ring of protection from cold
Scrolls
 f - 4 scrolls of teleportation
 h - a scroll of poison
 i - a scroll of enchant armour
 m - a scroll of identify
 n - a scroll of enchant weapon
 q - a scroll of amnesia
 t - 2 scrolls of blinking {unknown}
 u - a scroll of vulnerability {unknown}
Potions
 c - a potion of haste
 e - a potion of attraction
 g - a potion of lignification {unknown}
 s - a potion of enlightenment {unknown}
 v - a potion of brilliance {unknown}
 w - a potion of resistance {unknown}


   Skills:
 - Level 4.6 Fighting
 + Level 0.9 Short Blades
 - Level 7.3 Dodging
 - Level 2.8 Stealth
 - Level 4.4 Spellcasting
 - Level 6.0 Conjurations
 - Level 7.7 Fire Magic
 - Level 0.6 Evocations


You had 9 spell levels left.
You knew the following spells:

 Your Spells              Type           Power      Damage    Failure   Level
a - Foxfire               Conj/Fire      100%       2x1d9     1%          1
b - Scorch                Fire           80%        2d8       1%          2
c - Flame Wave            Conj/Fire      36%        2d10      6%          4

Your spell library contained the following spells:

 Spells                   Type           Power      Damage    Failure   Level
 Inner Flame              Hex/Fire       22%        N/A       6%          3
 Volatile Blastmotes      Fire/Tloc      44%        2d13      6%          3
 Call Imp                 Summ           10%        N/A       16%         2
 Sublimation of Blood     Necr           5%         N/A       16%         2
 Summon Hydra             Summ           2%         N/A       100%        7


Dungeon Overview and Level Annotations

Branches:
Dungeon (7/15)
 Temple: D:4-7

Altars:
Elyvilon
Qazlal


Message History

The orc warrior is severely wounded.
The orc warrior closely misses you.
You feel better.
The orc warrior hits you with a +0 dire flail!
* * * LOW HITPOINT WARNING * * *
Casting: Scorch (safe; 1% risk of failure)
Confirm with . or Enter, or press ? or * to list all spells.
You conjure some foxfire!
The orc warrior barely misses you.
The foxfire hits the orc warrior.
The orc warrior is severely wounded.
The foxfire hits the orc warrior.
The orc warrior is burned terribly!
The orc warrior is severely wounded.
You hit the orc warrior.
The orc warrior is almost dead.
The orc warrior is no longer more vulnerable to fire.
The orc warrior completely misses you.
You closely miss the orc warrior.
The orc warrior is almost dead.
The orc warrior barely misses you.
Casting: Foxfire (safe; 1% risk of failure)
Confirm with . or Enter, or press ? or * to list all spells.
You conjure some foxfire!
The orc warrior hits you with a +0 dire flail.
You hit the orc warrior but do no damage.
The orc warrior is almost dead.
The foxfire hits the orc warrior.
The orc warrior is almost dead.
The foxfire hits the orc warrior but does no damage.
The orc warrior is almost dead.
The orc warrior hits you with a +0 dire flail!
* * * LOW HITPOINT WARNING * * *
You feel better. The orc warrior barely misses you.
Okay, then.
Okay, then.
You aren't carrying any items that you can evoke.
Casting: Foxfire (safe; 1% risk of failure)
Confirm with . or Enter, or press ? or * to list all spells.
You conjure some foxfire!
The orc warrior hits you with a +0 dire flail!
You die...

#####
#.v.#
#.o@#
#.v.#
..'...#
...)#..##
.....#..#
.... #..#
... '..+
... .#..#


You could see an orc warrior (ally target).

Vanquished Creatures
  A troll (D:5)
  Eustachio (D:6)
  An ogre (D:5)
  2 phantoms
  Blork the orc (D:4)
  5 scorpions
  3 wights (D:6)
  2 howler monkeys
  3 bombardier beetles
  2 hounds
  3 jellies
  5 orc priests
  2 iguanas
  Terence (D:2)
  A sleepcap (D:5)
  6 orc wizards
  15 gnolls
  4 adders
  2 white imps
  3 dart slugs
  2 ribbon worms
  15 orcs
  4 ball pythons
  7 bats
  6 endoplasms
  4 giant cockroaches
  7 goblins
  5 hobgoblins
  2 jackals (D:2)
  3 quokkas
  A frilled lizard (D:2)
  5 kobolds
  5 rats
  A butterfly (D:3)
130 creatures vanquished.

Vanquished Creatures (collateral kills)
  A wight (D:6)
  A sleepcap (D:6)
  A gnoll (D:6)
  A foxfire (D:7)
4 creatures vanquished.

Vanquished Creatures (others)
  349 foxfires
349 creatures vanquished.

Grand Total: 483 creatures vanquished

Notes
Turn   | Place    | Note
-------+----------+-------------------------------------------
     0 | D:1      | hawla the Deep Elf Fire Elementalist began the quest for
                  | the Orb.
     0 | D:1      | Reached XP level 1. HP: 10/10 MP: 6/6
   311 | D:1      | Reached XP level 2. HP: 15/15 MP: 6/8
   314 | D:1      | Learned a level 2 spell: Scorch
   904 | D:2      | Reached XP level 3. HP: 19/19 MP: 3/10
  1122 | D:2      | Reached XP level 4. HP: 24/24 MP: 10/12
  1127 | D:2      | Learned a level 4 spell: Flame Wave
  1754 | D:2      | Noticed Terence
  1765 | D:2      | Killed Terence
  1766 | D:2      | Reached skill level 5 in Fire Magic
  2074 | D:3      | Reached XP level 5. HP: 28/28 MP: 0/13
  3068 | D:3      | Found a white marble altar of Elyvilon.
  3522 | D:4      | Reached XP level 6. HP: 32/32 MP: 7/14
  3951 | D:4      | Noticed Blork the orc
  3955 | D:4      | Killed Blork the orc
  3956 | D:4      | Reached XP level 7. HP: 20/36 MP: 8/15
  4035 | D:4      | Reached skill level 5 in Conjurations
  4682 | D:5      | Entered Level 5 of the Dungeon
  4910 | D:5      | Reached skill level 1 in Fighting
  5069 | D:5      | Reached XP level 8. HP: 31/44 MP: 9/16
  5220 | D:5      | Found a stormy altar of Qazlal.
  5456 | D:5      | Noticed a troll
  5463 | D:5      | Killed a troll
  5464 | D:5      | Reached skill level 5 in Dodging
  6310 | D:6      | Reached XP level 9. HP: 52/52 MP: 12/17
  6452 | D:6      | Noticed Eustachio
  6461 | D:6      | Killed Eustachio
  6834 | D:7      | Noticed a skeletal warrior
  6834 | D:7      | Noticed a troll
  6834 | D:7      | Noticed a troll
  6859 | D:7      | HP: 2/52 [orc warrior/+0 dire flail (15)]
  6861 | D:7      | Slain by an orc warrior

Illustrated notes

Levels and vault maps discovered:
D:1:      dpeg_arrival_oval, layout_rooms
D:2:      layout_basic, serial_bayou_pond_a, uniq_terence
D:3:      layout_basic, nicolae_elyvilon_peaceful_grove
D:4:      layout_loops_ring, uniq_blork_the_orc
D:5:      layout_loops_ring, mainiacjoe_overflow_brackets
D:6:      layout_basic, uniq_eustachio
D:7:      layout_gridville, mainiacjoe_overflow_alcove_1,
          minmay_temple_entry_statues_fountains, serial_shops, shop,
          minmay_shattered_shrine, uniq_jeremiah, uniq_joseph, uniq_maurice

Skill      XL: |  1  2  3  4  5  6  7  8  9 |
---------------+----------------------------+-----
Fire Magic     | 4 5 6 7 |  7.7
Spellcasting   | 4 |  4.4
Conjurations   | 2 3 4 5 6 |  6.0
Fighting       | 1 4 |  4.6
Dodging        | 3 7 |  7.3
Short Blades   | |  0.9
Stealth        | |  2.8
Evocations     | |  0.6

Action                     |  1- 3 |  4- 6 |  7- 9 || total
---------------------------+-------+-------+-------++-------
  Melee: Unarmed           |     3 |     7 |     3 ||    13
         Rapier            |       |       |    11 ||    11
   Cast: Foxfire           |    37 |    53 |   112 ||   202
         Scorch            |     5 |    33 |    32 ||    70
         Flame Wave        |       |     5 |     4 ||     9
    Use: Scroll            |     4 |     1 |     6 ||    11
         Potion            |       |     2 |     4 ||     6
 Armour: Robe              |     5 |    26 |    30 ||    61
  Dodge: Dodged            |     4 |    23 |    48 ||    75
